 Dungeon Crawl Stone Soup version 0.19-a0-719-gcc390b8 (webtiles) character file.

203 Ordine the Changer (level 5, 0/39 HPs)
             Began as an Octopode Transmuter on June 21, 2016.
             Succumbed to an adder's poison
             ... on level 3 of the Dungeon.
             The game lasted 00:08:15 (2457 turns).

Ordine the Changer (Octopode Transmuter)            Turns: 2457, Time: 00:08:15

Health: 0/39       AC:  5    Str: 10    XL:     5   Next: 81%
Magic:  1/16       EV: 10    Int: 16    God:
Gold:   122        SH:  0    Dex: 12    Spells: 2 memorised, 1 level left

rFire  x . .     SeeInvis .       - Unarmed
rCold  + + +     Gourm    .     (shield currently unavailable)
rNeg   . . .     Faith    .     (helmet currently unavailable)
rPois  +         Spirit   .     (no amulet)
rElec  .         Dismiss  .     i - ring of stealth
rCorr  +         Reflect  .     e - ring of resist corrosion
SustAt .         Harm     .     g - ring of magical power
MR     +....     Rnd*Tele +     (no ring)
Stlth  +++.......               (no ring)
                                (no ring)
                                (no ring)
                                (no ring)

@: lethally poisoned (0 -> -1), ice-form, very slightly contaminated, somewhat
resistant to hostile enchantments, fairly stealthy
A: almost no armour, amphibious, 8 rings, (constrict 8), (camouflage 0), low mp
1, magic resistance 1, teleportitis 1, (gelatinous body 0)
a: End Transformation


You were on level 3 of the Dungeon.
You were hungry.
You were a creature of crystalline ice.
You visited 1 branch of the dungeon, and saw 3 of its levels.

You collected 122 gold pieces.

Inventory:

Jewellery
 e - a ring of resist corrosion (right front paw)
 g - a ring of magical power (on tentacle)
 i - a ring of stealth (left front paw)
Scrolls
 l - a scroll of amnesia
Books
 b - a book of Changes

   Spells                             Type                      Level
   a - Beastly Appendage              Transmutation                1
   b - Sticks to Snakes               Transmutation                2
   c - Spider Form                    Transmutation/Poison         3
   d - Ice Form                       Ice/Transmutation            4
   e - Blade Hands                    Transmutation                5
Comestibles
 c - 2 bread rations
 h - a beef jerky


   Skills:
 - Level 1.0 Fighting
 - Level 2.0 Dodging
 + Level 3.8 Stealth
 - Level 3.0 Unarmed Combat
 - Level 2.0 Spellcasting
 * Level 4.5 Transmutations
 + Level 1.9 Ice Magic


You had one spell level left.
You knew the following spells:

 Your Spells              Type           Power        Failure   Level  Hunger
a - Spider Form           Tmut/Pois      #.........   28%         3    ###....
b - Ice Form              Ice/Tmut       ##......     63%         4    #####..


Dungeon Overview and Level Annotations

Branches:
Dungeon (3/15)

Altars:
Okawaru
Sif Muna


Innate Abilities, Weirdness & Mutations

You cannot wear most types of armour.
You are amphibious.
You can wear up to eight rings at the same time.
((You can use your tentacles to constrict eight enemies at once.))
((Your skin changes colour to match your surroundings (Stealth+).))
((Your rubbery body absorbs attacks. (AC +1)))
Your magical capacity is low. (-10% MP)
You are resistant to hostile enchantments. (MR+)
You are occasionally teleported next to monsters.


Message History

Casting: Ice Form
Confirm with . or Enter, or press ? or * to list all spells.
You don't have enough magic to cast that spell.
As you read the scroll of teleportation, it crumbles to dust.
You feel strangely unstable.
* * * LOW HITPOINT WARNING * * *
You feel sick.
Your surroundings suddenly seem different.
* * * LOW HITPOINT WARNING * * *
You feel sick.
Casting: Ice Form
Confirm with . or Enter, or press ? or * to list all spells.
The spell is very dangerous to cast!
Continue anyway?
You turn into a creature of crystalline ice.
You are feeling hungry.
* * * LOW HITPOINT WARNING * * *
You feel sick.
* * * LOW HITPOINT WARNING * * *
You feel sick.
You die...

................#.#
#.#
#....#..........#.#
#.#
#.####..#.......#.#
#.#
#.#.....#.......#.#
#.#
..#.###.#.........#
#.#
###.#...#..>...#..#
#.#
#.#.###......#..#
#.#
#.#...+......+..#
#.####
#.#####......#Y.##
#....# #.#
#......#...# ####.#
#.# ########...##
#.# #.# #....#
#.##### #.# #..#.#
#...... #.########
#..#.#######.####.
#.#......#
#....(....#### #.
#.#......#
##.#.####.#######.
#.#......# .....#
#.........


There were no monsters in sight!

Vanquished Creatures
  The ghost of Ordine the Changer, an amateur OpTm of Cheibriados (D:3)
  4 adders
  A worm (D:3)
  2 dart slugs
  2 giant geckos
  A giant cockroach (D:1)
  6 goblins
  8 hobgoblins
  5 jackals (D:1)
  3 bats
  3 giant newts
  4 kobolds
  3 rats
43 creatures vanquished.

Notes
Turn   | Place    | Note
--------------------------------------------------------------
     0 | D:1      | Ordine the Octopode Transmuter began the quest for the Orb.
     0 | D:1      | Reached XP level 1. HP: 13/13 MP: 3/3
   267 | D:1      | Reached skill level 1 in Stealth
   267 | D:1      | Reached XP level 2. HP: 18/18 MP: 5/5
   582 | D:1      | Reached skill level 3 in Transmutations
   582 | D:1      | Reached XP level 3. HP: 20/23 MP: 4/6
   587 | D:1      | Learned a level 3 spell: Spider Form
  1166 | D:2      | Found a deep blue altar of Sif Muna.
  1619 | D:2      | Reached XP level 4. HP: 28/28 MP: 7/7
  1625 | D:2      | Learned a level 4 spell: Ice Form
  2093 | D:3      | Found an iron altar of Okawaru.
  2338 | D:3      | Noticed Ordine's ghost (amateur OpTm)
  2343 | D:3      | Gained mutation: Your magical capacity is low. (-10% MP) [potion of mutation]
  2343 | D:3      | Gained mutation: You are resistant to hostile enchantments. (MR+) [potion of mutation]
  2343 | D:3      | Gained mutation: You are occasionally teleported next to monsters. [potion of mutation]
  2364 | D:3      | Killed Ordine's ghost
  2364 | D:3      | Reached skill level 4 in Transmutations
  2364 | D:3      | Reached skill level 1 in Ice Magic
  2364 | D:3      | Reached XP level 5. HP: 20/33 MP: 4/7
  2449 | D:3      | HP: 1/39 [poisoned by an adder]
  2457 | D:3      | Succumbed to an adder's poison

Vault maps used:
D:1:      mainiacjoe_arrival_reflecting_pool
D:2:      minivault_14, lemuel_blue_sif_altar
D:3:      wad_river_or_something, first_bread, hex_tiny, okawaru_metal_pillars_3

Skill      XL: |  1  2  3  4 |
---------------+-------------+-----
Stealth        | 1 2 3 |  3.8
Transmutations | 3 4 |  4.5
Ice Magic      | 1 |  1.9
Fighting       | |  1.0
Dodging        | |  2.0
Unarmed Combat | |  3.0
Spellcasting   | |  2.0

Action                   |  1- 3 |  4- 6 || total
-------------------------+-------+-------++-------
Melee: Unarmed           |    72 |    44 ||   116
       Constrict         |    18 |     7 ||    25
       Tentacles         |     6 |     2 ||     8
       Kick              |     2 |       ||     2
       Punch             |     1 |     1 ||     2
 Cast: Beastly Appendage |     2 |       ||     2
       Spider Form       |       |     2 ||     2
       Ice Form          |       |     1 ||     1
  Use: Scroll            |     8 |     3 ||    11
       Potion            |       |     4 ||     4
 Stab: Sleeping          |     8 |     3 ||    11
  Eat: Chunk             |     2 |     3 ||     5
Armor: Skin              |     9 |     4 ||    13
Dodge: Dodged            |    43 |    17 ||    60
